 Dungeon Crawl Stone Soup version 0.31-a0-1204-ge2c1a860ed (webtiles) character file.

Game seed: 12184234883782018090

54 backslashecho the Insei (level 4, -4/36 HPs)
             Began as a Meteoran Shapeshifter on Dec 12, 2023.
             Slain by an ice beast (6 damage)
             ... on level 3 of the Dungeon.
             The game lasted 00:03:01 (803 turns).

backslashecho the Insei (Meteoran Shapeshifter)      Turns: 803, Time: 00:03:01

Health: -4/36      AC:  2    Str: 15    XL:     4   Next: 34%
Magic:  5/5        EV: 13    Int: 12    God:
Gold:   84         SH:  0    Dex: 15    Spells: 3/3 levels left

rFire   . .          .
                       - Unarmed
rCold   + . .        (no shield)
rNeg    . . .        a - +0 animal skin
rPois   .            (helmet currently unavailable)
rElec   .            (cloak currently unavailable)
rCorr   .            (gloves currently unavailable)
SInv    .            (boots currently unavailable)
Will    .....        (no amulet)
Stlth   +            e - ring of protection from cold
HPRegen 0.26/turn    (no ring)
MPRegen 0.09/turn

%: no passive effects
@: beast-form, glowing
A: beast (slay +2), sense surroundings 1, otherworldly, glowing, explore regen
a: Begin Untransformation


You were on level 3 of the Dungeon.
You were a hulking beast.
You visited 1 branch of the dungeon, and saw 3 of its levels.

You collected 84 gold pieces.

Inventory:

Missiles
 f - 6 poisoned darts (quivered)
 j - 2 throwing nets
Armour
 a - a +0 animal skin (worn)
Jewellery
 e - a ring of protection from cold (left hand)
Talismans
 c - a beast talisman
 d - a flux talisman
Scrolls
 g - a scroll of vulnerability {unknown}
 h - a scroll of fear {unknown}
 l - a scroll of blinking {unknown}
Potions
 b - a potion of lignification
 i - a potion of degeneration {unknown}
 k - a potion of curing {unknown}
 m - a potion of attraction {unknown}


   Skills:
 + Level 2.0 Fighting
 + Level 2.7 Dodging
 * Level 4.5 Unarmed Combat
 + Level 4.0 Shapeshifting


You had 3 spell levels left.
You didn't know any spells.
Your spell library contained the following spells:

 Spells                   Type           Power      Damage    Failure   Level
 Leda's Liquefaction      Hex/Erth       0%         N/A       97%         4
 Lee's Rapid Deconstruct  Erth           0%         3d4*      100%        5
 Bombard                  Conj/Erth      0%         9d1       100%        6


Dungeon Overview and Level Annotations

Branches:
Dungeon (3/15) Zot: 1003

Altars:
Ru


Innate Abilities, Weirdness & Mutations

You are a hulking beast.
Your limbs bulge with bestial killing power. (Slay +2)
You passively map a small area around you.
You are easily found by Zot.
You glow in the dark.
You regain HP and MP as you explore.


Message History

Found a quarterstaff.
The kobold shouts!
An ice beast comes into view.
There are monsters nearby!
You hit the kobold.
You kill the kobold!
Okay, then.
e - a ring of protection from cold (left hand)
You throw a poisoned dart.
The poisoned dart closely misses the ice beast.
You throw a poisoned dart. The poisoned dart hits the ice beast.
The ice beast is poisoned.
The ice beast misses you.
You hit the ice beast.
The ice beast is lightly wounded.
The ice beast hits you. The ice beast freezes you. You resist.
You take 6 damage, and have 30/36 hp.
You hit the ice beast.
The ice beast is moderately wounded.
The ice beast hits you. The ice beast freezes you. You resist.
You take 9 damage, and have 21/36 hp.
MASSIVE DAMAGE!!
You hit the ice beast but do no damage.
The ice beast is moderately wounded.
The ice beast hits you but does no damage.
You closely miss the ice beast.
The ice beast is moderately wounded.
A kobold comes into view.
It is wielding a +0 short sword of freezing.
The ice beast barely misses you.
You barely miss the ice beast.
The ice beast is moderately wounded.
The kobold shouts!
You completely miss the ice beast.
The ice beast is moderately wounded.
The ice beast closely misses you.
You hit the ice beast.
The ice beast is heavily wounded.
The ice beast looks more healthy.
The ice beast hits you. The ice beast freezes you. You resist.
You take 7 damage, and have 15/36 hp.
You hit the ice beast.
The ice beast is severely wounded.
The ice beast hits you. The ice beast freezes you! You resist.
* * * LOW HITPOINT WARNING * * *
A quokka comes into view.
You take 10 damage, and have 5/36 hp.
MASSIVE DAMAGE!!
You punch the ice beast!
The ice beast is almost dead.
The ice beast hits you.
* * * LOW HITPOINT WARNING * * *
The ice beast freezes you. You resist.
You die...

##.. * * * * ...
,, * ,, * ... *
#.#### , #.#<#
#.#####..# ,, ,
#........# # * **,
########.##.####.*
* #.hY...... ,
#.##(##.## * #.#
,K. #.. *#.# ##. ,
,r. , *.#, )* .#
.# , * ,, ,


You could see an ice beast, a quokka and a kobold.

Vanquished Creatures
  3 gnolls (D:2)
  A dart slug (D:1)
  3 bats
  An endoplasm (D:1)
  A giant cockroach (D:1)
  3 goblins
  A hobgoblin (D:1)
  3 ball pythons (D:1)
  2 frilled lizards (D:1)
  4 kobolds
  2 rats
24 creatures vanquished.

Notes
Turn   | Place    | Note
-------+----------+-------------------------------------------
     0 | D:1      | backslashecho the Meteoran Shapeshifter began the quest for
                  | the Orb.
     0 | D:1      | Reached XP level 1. HP: 16/16 MP: 2/2
   112 | D:1      | Reached XP level 2. HP: 7/23 MP: 3/3
   421 | D:1      | Reached XP level 3. HP: 25/28 MP: 4/4
   544 | D:2      | Reached XP level 4. HP: 20/36 MP: 5/5
   712 | D:2      | Found a sacrificial altar of Ru.
   785 | D:3      | Noticed an ice beast
   803 | D:3      | Slain by an ice beast

Illustrated notes

Levels and vault maps discovered:
D:1:      grunt_arrival_crossed_arrows, layout_basic
D:2:      layout_basic, basic_altar, serial_shops, shop, fountainhead,
          nicolae_grassy_gnolls
D:3:      layout_basic, hex_intersection, minmay_diced_spiral, uniq_grinder

Skill      XL: |  1  2  3 |
---------------+----------+-----
Unarmed Combat | 4 |  4.5
Fighting       | 2 |  2.0
Shapeshifting  | 4 |  4.0
Dodging        | |  2.7

Action                     |  1- 3 |  4- 6 || total
---------------------------+-------+-------++-------
  Melee: Unarmed           |    62 |    22 ||    84
         Punch             |     2 |       ||     2
  Throw: Dart              |     2 |     2 ||     4
 Armour: Animal skin       |    27 |    12 ||    39
  Dodge: Dodged            |    34 |    12 ||    46

Table legend: (Time is in decaauts)
 A = Elapsed time spent in this place.
 B = Non-inter-level travel time spent in this place.
 C = Inter-level travel time spent in this place.
 D = Time resting spent in this place.
 E = Time spent auto-exploring this place.
 F = Levels seen in this place.
 G = Mean time per level.
                   A        B        C        D        E       F      G
               +--------+--------+--------+--------+--------+-----+--------+
         Total |    795 |    795 |      0 |     63 |    147 |   3 |  265.0 |
       Dungeon |    795 |    795 |      0 |     63 |    147 |   3 |  265.0 |
               +--------+--------+--------+--------+--------+-----+--------+

Top non-repeatable levels by time:
     D:1: 432 daAuts
     D:2: 341 daAuts
     D:3: 22 daAuts
